 Dungeon Crawl Stone Soup version 0.30-a0-760-g5a9884bb7c (webtiles) character file.

Game seed: 6358235710088261653

39 jimonade the Shield-Bearer (level 3, -1/29 HPs)
             Began as a Formicid Fighter on Feb 12, 2023.
             Slain by a gnoll
             ... wielding a +0 halberd
              (12 damage)
             ... on level 2 of the Dungeon.
             The game lasted 00:01:32 (1110 turns).

jimonade the Shield-Bearer (Formicid Fighter)       Turns: 1110, Time: 00:01:32

Health: -1/29      AC:  9    Str: 20    XL:     3   Next: 70%
Magic:  3/3        EV:  7    Int:  7    God:
Gold:   91         SH:  5    Dex: 15    Spells: 2/2 levels left

rFire   . . .      SeeInvis +    a - +0 flail
rCold   . . .      Faith    .    c - +0 buckler
rNeg    . . .      Spirit   .    n - +0 chain mail
rPois   .          Reflect  .    (helmet unavailable)
rElec   .          Harm     .    (no cloak)
rCorr   .          Rampage  .    (no gloves)
Will    .....                    (no boots) Stlth
                                 (no amulet)
HPRegen 0.24/turn                j - ring of flight
MPRegen 0.08/turn                (no ring)

@: flying
A: permanent stasis, dig shafts and tunnels, antennae 3, four strong arms
a: Dig, Shaft Self


You were on level 2 of the Dungeon.
You visited 1 branch of the dungeon, and saw 2 of its levels.

You collected 91 gold pieces.

Inventory:

Hand Weapons
 a - a +0 flail (weapon)
 m - a +0 short sword of flaming
Armour
 b - a +0 scale mail
 c - a +0 buckler (worn)
 n - a +0 chain mail (worn)
Jewellery
 j - a ring of flight (left hand)
Scrolls
 e - 2 scrolls of identify {unknown}
 k - a scroll of magic mapping {unknown}
 p - a scroll of vulnerability {unknown}
Potions
 d - a potion of might
 f - a potion of invisibility {unknown}
 g - a potion of haste {unknown}
 h - a potion of degeneration {unknown}
 i - a potion of attraction {unknown}
 l - 3 potions of curing {unknown}
 o - a potion of berserk rage {unknown}


   Skills:
 + Level 3.6 Fighting
 * Level 2.6 Maces & Flails
 + Level 3.6 Armour
 + Level 0.2 Dodging
 + Level 4.5 Shields


You had 2 spell levels left.
You didn't know any spells.
Your spell library contained the following spells:

 Spells                   Type           Power      Damage    Failure   Level
 Kiss of Death            Conj/Necr      0%         2d5       99%         1
 Confusing Touch          Hex            0%         N/A       100%        3
 Dispel Undead            Necr           0%         3d6       100%        4


Dungeon Overview and Level Annotations

Branches:
Dungeon (2/15)

Altars:


Innate Abilities, Weirdness & Mutations

You cannot be hasted, slowed, berserked, paralysed or teleported.
You can dig through walls and to a lower floor.
You have a pair of large antennae on your head. (SInv)
Your four strong arms can wield two-handed weapons with a shield.


Message History

The giant cockroach bites you but does no damage.
A gnoll comes into view. It is wielding a +0 whip.
You hit the giant cockroach.
The giant cockroach is almost dead.
The giant cockroach bites you but does no damage.
You block the giant cockroach's attack.
You hit the giant cockroach.
You kill the giant cockroach!
A gnoll comes into view. It is wielding a +0 halberd.
The gnoll shouts!
You block the gnoll's attack. The gnoll hits you but does no damage.
The gnoll hits you with a +0 spear.
A worm comes into view.
You hit the gnoll but do no damage. The gnoll barely misses you.
The gnoll closely misses you. The gnoll hits you but does no damage.
You closely miss the gnoll. The gnoll barely misses you.
The gnoll hits you with a +0 spear. The gnoll hits you but does no damage.
You barely miss the gnoll. The gnoll closely misses you.
The gnoll hits you but does no damage. x2; The gnoll closely misses you.
The gnoll hits you with a +0 spear. You block the gnoll's attack.
You barely miss the gnoll. The gnoll barely misses you.
The gnoll hits you with a +0 spear. The gnoll barely misses you.
You closely miss the gnoll.
The gnoll hits you from afar with a +0 halberd.
The gnoll hits you with a +0 spear. You block the gnoll's attack.
You thump the gnoll!
The gnoll is severely wounded.
The gnoll hits you from afar with a +0 halberd.
The gnoll closely misses you.
The gnoll hits you but does no damage. x3
You block the gnoll's attack.
You are too injured to fight recklessly!
You are too injured to fight recklessly!
You are too injured to fight recklessly!
You are too injured to fight recklessly!
You are too injured to fight recklessly!
You are too injured to fight recklessly!
You barely miss the gnoll.
The gnoll is severely wounded.
The gnoll hits you from afar with a +0 halberd!
You die...

#..... ...... ##+#####
#..... ...... #......#
#..).. ......####......#
#..... ................#
#..... ..............#
#.....
#.w..........###.....
####.gg...........'.....
......g@......#####.....
..?..?...?....# #.....
..............# #.....
........†.....#####.....
..........######........
####......# #........
#......# #........
#......# #........
#......# #........


You could see a worm and 3 gnolls.

Vanquished Creatures
  A dart slug (D:1)
  6 ball pythons
  3 endoplasms (D:1)
  4 giant cockroaches
  3 hobgoblins
  3 kobolds
  4 quokkas (D:1)
  4 bats (D:1)
  2 frilled lizards
  A rat (D:1)
31 creatures vanquished.

Notes
Turn   | Place    | Note
-------+----------+-------------------------------------------
     0 | D:1      | jimonade the Formicid Fighter began the quest for the Orb.
     0 | D:1      | Reached XP level 1. HP: 18/18 MP: 1/1
    25 | D:1      | Reached XP level 2. HP: 21/24 MP: 2/2
   182 | D:1      | Found a faded altar of an unknown god.
   363 | D:1      | Reached XP level 3. HP: 29/29 MP: 3/3
  1110 | D:2      | Slain by a gnoll

Illustrated notes

Levels and vault maps discovered:
D:1:      minmay_arrival_statue_studded, layout_loops_cross,
          basic_ecumenical_altar
D:2:      layout_basic

Action                     || total
---------------------------++-------
  Melee: Flail             ||    99
 Armour: Scale mail        ||    34
         Chain mail        ||    17
  Dodge: Dodged            ||    44
  Block: Buckler           ||    23

Table legend: (Time is in decaauts)
 A = Elapsed time spent in this place.
 B = Non-inter-level travel time spent in this place.
 C = Inter-level travel time spent in this place.
 D = Time resting spent in this place.
 E = Time spent auto-exploring this place.
 F = Levels seen in this place.
 G = Mean time per level.
                   A        B        C        D        E       F      G
               +--------+--------+--------+--------+--------+-----+--------+
         Total |   1141 |   1067 |     74 |      0 |    807 |   2 |  570.5 |
       Dungeon |   1141 |   1067 |     74 |      0 |    807 |   2 |  570.5 |
               +--------+--------+--------+--------+--------+-----+--------+

Top non-repeatable levels by time:
     D:1: 821 daAuts
     D:2: 320 daAuts
